 Dungeon Crawl Stone Soup version 0.23.0-3-gf3c87f2 (webtiles) character file.

Game seed: 14585226529427940724

7990 Kairos the Cleaver (level 11, -5/56 HPs)
             Began as a Vine Stalker Fighter on Feb 22, 2019.
             Was a Priest of Okawaru.
             Killed from afar by a tengu conjurer (32 damage)
             ... with a bolt of lightning
             ... on level 10 of the Dungeon.
             The game lasted 00:14:23 (8059 turns).

Kairos the Cleaver (Vine Stalker Fighter)           Turns: 8059, Time: 00:14:25

Health: -5/56      AC: 13    Str: 22    XL:     11   Next: 23%
Magic:  0/12       EV: 10    Int:  8    God:    Okawaru [***...]
Gold:   531        SH: 14    Dex: 14    Spells: 10/10 levels left

rFire    . . .     SeeInvis .   d - +2 flail (drain)
rCold    . . .     Gourm    .   c - +3 shield
rNeg     . . .     Faith    .   b - +1 scale mail
rPois    +         Spirit   +   i - +0 helmet
rElec    .         Reflect  .   t - +0 cloak
rCorr    .         Harm     .   l - +0 pair of gloves
MR       ++...                  u - +0 pair of boots
Stlth    ..........             K - amulet of the acrobat
HPRegen  0.58/turn              j - ring of poison resistance
MPRegen  0.13/turn              n - ring of protection from magic

@: no status effects
A: fangs 3, regeneration 1, magic shield, antimagic bite, no potion heal 3, rot
immunity
a: Heroism, Renounce Religion


You were on level 10 of the Dungeon.
You worshipped Okawaru.
Okawaru was most pleased with you.
You were not hungry.

You visited 2 branches of the dungeon, and saw 11 of its levels.
You also visited: Sewer.

You collected 531 gold pieces.

Inventory:

Hand Weapons
 a - a +4 war axe
 d - a +2 flail of draining (weapon)
 x - a cursed -3 hand axe
 J - a +3 hand axe of chopping
 N - the +9 dagger of Ixzafebb {elec, Dex+3}
   (You found it on level 8 of the Dungeon)

   Occasionally, upon striking a foe, it will discharge some electrical energy
   and cause terrible harm.
   It affects your dexterity (+3).
Missiles
 q - 5 poisoned tomahawks (quivered)
 w - 2 silver tomahawks
Armour
 b - a +1 scale mail (worn)
 c - a +3 shield (worn)
 i - a +0 helmet (worn)
 l - a +0 pair of gloves (worn)
 t - a +0 cloak (worn)
 u - a +0 pair of boots (worn)
 G - a +1 ring mail of cold resistance
Jewellery
 j - a ring of poison resistance (left hand)
 n - a ring of protection from magic (right hand)
 z - an uncursed ring of protection from cold
 K - an amulet of the acrobat (around neck)
 Q - an uncursed ring of wizardry
Wands
 s - a wand of acid (9)
 v - a wand of iceblast (26)
 D - a wand of enslavement (3)
 M - a wand of random effects (25)
 O - a wand of paralysis (14)
Scrolls
 h - 11 scrolls of identify
 m - 2 scrolls of enchant armour
 p - 7 scrolls of teleportation
 r - 2 scrolls of amnesia
 y - 4 scrolls of remove curse
 A - 3 scrolls of fog {unknown}
 F - 2 scrolls of blinking {unknown}
 H - 3 scrolls of noise {unknown}
Potions
 e - 2 potions of berserk rage
 g - a potion of agility
 k - 4 potions of curing
 o - 3 potions of magic
 B - a potion of brilliance
 C - 3 potions of might
 E - 2 potions of haste {unknown}
 I - 3 potions of heal wounds {unknown}
 L - a potion of mutation {unknown}
Comestibles
 f - 20 rations


   Skills:
 + Level 5.6 Fighting
 + Level 10.8 Axes
 + Level 6.3 Armour
 + Level 3.1 Dodging
 + Level 1.4 Stealth
 + Level 7.6 Shields
 + Level 0.1 Invocations
 + Level 0.1 Evocations


You had 10 spell levels left.
You didn't know any spells.
Your spell library contained the following spells:

 Spells                   Type           Power        Failure   Level  Hunger
 Summon Small Mammal      Summ           #...         95%         1    ##.....
 Call Imp                 Summ           #.......     99%         2    ###....
 Ensorcelled Hibernation  Hex/Ice        #.....       99%         2    ###....
 Call Canine Familiar     Summ           #.......     100%        3    ####...
 Summon Guardian Golem    Hex/Summ       #.......     100%        3    ####...
 Summon Ice Beast         Ice/Summ       #.......     100%        4    #####..
 Summon Lightning Spire   Summ/Air       #.......     100%        4    #####..
 Bolt of Magma            Conj/Fire/Erth #.........   100%        5    ######.
 Borgnjor's Vile Clutch   Necr/Erth      #.........   100%        5    ######.
 Iskenderun's Battlesphe  Conj/Chrm      #.......     100%        5    ######.
 Silence                  Hex/Air        #.........   100%        5    ######.
 Venom Bolt               Conj/Pois      #.........   100%        5    ######.
 Darkness                 Hex            #.........   100%        6    #######
 Iron Shot                Conj/Erth      #.........   100%        6    #######
 Shadow Creatures         Summ           N/A          100%        6    #######
 Orb of Destruction       Conj           #.........   100%        7    #######
 Spellforged Servitor     Conj/Summ      #.........   100%        7    #######


Dungeon Overview and Level Annotations

Branches:
Dungeon (10/15)            Temple (1/1) D:5
   Lair: D:8-11         Orc: D:9-12

Altars:
Cheibriados
Dithmenos
Elyvilon
Gozag
Hepliaklqana
Kikubaaqudgha
Nemelex Xobeh
Okawaru
Ru
Sif Muna
Trog
Uskayaw
Vehumet
Wu Jian
Xom
Yredelemnul
The Shining One

Annotations:
D:3 3 runed translucent doors, Semilg's ghost, amateur GrGl; doot's ghost, amateur GrEE; inmateoo's ghost, amateur HaWn; ohad's ghost, amateur OpTm
D:9 1 runed translucent door, Uhlv's ghost, journeyman VSAK


Innate Abilities, Weirdness & Mutations

You have razor-sharp teeth.
Your natural rate of healing is unusually fast.
When hurt, damage is shared between your health and your magic reserves.
Your bite disrupts and absorbs the magic of your enemies.
Potions cannot restore your health.
You are immune to rotting.


Message History

You feel your power leaking away.
Aiming: Enslavement
Press: ? - help, Shift-Dir - straight line, f/p - orc knight
Aim: an orc knight, wielding a +0 antimagic broad axe and wearing a +0 plate armour (moderately wounded, chance to defeat MR: 28%)
The orc knight easily resists.
You block the orc knight's attack.
Aiming: Enslavement
Press: ? - help, Shift-Dir - straight line, f/p - orc knight
Aim: an orc knight, wielding a +0 antimagic broad axe and wearing a +0 plate armour (moderately wounded, chance to defeat MR: 28%)
The orc knight easily resists.
Aiming: Enslavement
Press: ? - help, Shift-Dir - straight line, f/p - orc knight
Aim: an orc knight, wielding a +0 antimagic broad axe and wearing a +0 plate armour (moderately wounded, chance to defeat MR: 28%)
The orc knight is charmed.
The bullfrog barely misses your orc knight.
The tengu conjurer casts a spell at you.
The bolt of lightning hits the bullfrog!
The bolt of lightning hits your orc knight!!
The bolt of lightning hits you!!
Ouch! That really hurt!
You die...

#.....#....##..#
#.....#...#.#.#
#.....)##...'#
##....#...#.#)#
##...#..).##..#
#...###*## #..#
#..##FQ## #..#
..##o### #..#
#.##@### ##+ #.
#.##.####
##.#.#..##
#.##[##.#
##..#.#.##
####.##.#
#..###.####+###
#..####.##.......
#. ##
##..##......#.


You could see a tengu conjurer, a bullfrog, a battlesphere and a friendly orc
knight.

Vanquished Creatures
  2 two-headed ogres
  Pikel (D:4)
  Maurice (D:9)
  A hornet (D:9)
  Prince Ribbit (D:8)
  Grinder (D:3)
  A hippogriff (D:8)
  Sigmund (D:2)
  Grum (D:9)
  2 hungry ghosts (D:7)
  A water moccasin (D:9)
  Duvessa (D:6)
  2 orc warriors
  2 ice beasts
  A sky beast (D:5)
  2 eyes of draining
  2 phantoms
  4 ogres
  2 wolves (D:9)
  6 centaurs
  7 bullfrogs
  A water moccasin zombie (D:7)
  5 scorpions
  Dowan (D:6)
  3 wights (D:7)
  3 howler monkeys
  2 crimson imps
  A bullfrog zombie (D:6)
  A centaur zombie (D:6)
  3 jellies
  An orc priest (D:4)
  3 centaur skeletons
  A gnoll shaman (D:7)
  3 hounds
  An iguana (D:9)
  Jessica (D:2)
  8 orc wizards
  7 worker ants
  2 hound skeletons
  Robin (D:2)
  4 gnolls (D:7)
  A howler monkey zombie (D:5)
  2 river rats (Sewer)
  12 adders
  A shadow imp (D:8)
  3 oozes (Sewer)
  An adder zombie (D:7)
  3 adder skeletons
  4 worms
  10 leopard geckos
  35 orcs
  6 giant cockroaches
  15 goblins
  4 hobgoblins
  2 jackals (D:7)
  3 quokkas
  2 ball pythons
  3 bats
  5 frilled lizards
  17 kobolds
  9 rats
232 creatures vanquished.

Vanquished Creatures (others)
  A worker ant (D:4)
  3 orcs (D:4)
4 creatures vanquished.

Grand Total: 236 creatures vanquished

Notes
Turn   | Place    | Note
-------+----------+-------------------------------------------
     0 | D:1      | Kairos the Vine Stalker Fighter began the quest for the
                  | Orb.
     0 | D:1      | Reached XP level 1. HP: 11/11 MP: 2/2
   792 | D:2      | Reached skill level 2 in Axes
   792 | D:2      | Reached XP level 2. HP: 16/16 MP: 3/3
  1118 | D:2      | Reached XP level 3. HP: 10/20 MP: 2/4
  1176 | D:2      | Noticed Robin
  1188 | D:2      | Killed Robin
  1212 | D:2      | Found a glowing golden altar of the Shining One.
  1353 | D:2      | Gained mutation: Your natural rate of healing is unusually
                  | fast. [Vine Stalker growth]
  1353 | D:2      | Reached XP level 4. HP: 21/24 MP: 5/5
  1432 | D:2      | Noticed Sigmund
  1443 | D:2      | Killed Sigmund
  1443 | D:2      | Reached skill level 3 in Axes
  1443 | D:2      | Reached XP level 5. HP: 28/28 MP: 6/6
  1601 | D:2      | Noticed Jessica
  1611 | D:2      | Killed Jessica
  1611 | D:2      | Reached skill level 4 in Axes
  1611 | D:2      | Reached XP level 6. HP: 32/32 MP: 7/7
  1942 | D:3      | Noticed Grinder
  1946 | D:3      | Found a runed translucent gate.
  1947 | D:3      | Found a runed translucent gate.
  1947 | D:3      | Paralysed by Grinder for 6 turns
  1964 | D:3      | Killed Grinder
  1964 | D:3      | Reached skill level 1 in Dodging
  1964 | D:3      | Reached XP level 7. HP: 6/36 MP: 4/8
  2121 | D:3      | Found a runed translucent gate.
  2398 | D:3      | Noticed inmateoo's ghost (amateur HaWn)
  2398 | D:3      | Noticed Semilg's ghost (amateur GrGl)
  2399 | D:3      | Noticed ohad's ghost (amateur OpTm)
  2399 | D:3      | Noticed doot's ghost (amateur GrEE)
  2843 | D:4      | Noticed Pikel
  2942 | D:4      | Killed Pikel
  2942 | D:4      | Reached skill level 5 in Axes
  2942 | D:4      | Gained mutation: You have razor-sharp teeth. [Vine Stalker
                  | growth]
  2942 | D:4      | Reached XP level 8. HP: 32/42 MP: 7/9
  3087 | D:4      | Reached skill level 5 in Shields
  3148 | D:4      | Reached skill level 6 in Axes
  3339 | D:5      | Entered Level 5 of the Dungeon
  3530 | D:5      | Reached skill level 1 in Stealth
  3554 | D:5      | Found a glowing drain.
  3569 | Sewer    | Entered a sewer
  4223 | D:5      | Reached XP level 9. HP: 45/45 MP: 10/10
  4284 | D:5      | Reached skill level 7 in Axes
  4461 | D:5      | Found a staircase to the Ecumenical Temple.
  4921 | D:6      | Noticed Dowan
  4929 | D:6      | Killed Dowan
  5032 | D:6      | Noticed Duvessa
  5050 | D:6      | Killed Duvessa
  5050 | D:6      | Reached skill level 5 in Armour
  5186 | D:6      | Reached skill level 8 in Axes
  5286 | D:6      | Found a bloodstained altar of Trog.
  5561 | Temple   | Entered the Ecumenical Temple
  5632 | Temple   | Became a worshipper of Warmaster Okawaru
  5830 | D:7      | Reached * piety under Okawaru
  6049 | D:7      | Reached XP level 10. HP: 47/51 MP: 11/11
  6103 | D:7      | Reached skill level 9 in Axes
  6368 | D:8      | Noticed Prince Ribbit
  6382 | D:8      | Killed Prince Ribbit
  6382 | D:8      | Reached skill level 5 in Fighting
  6487 | D:8      | Reached ** piety under Okawaru
  6500 | D:8      | Got a shimmering dagger
  6579 | D:8      | Identified the +9 dagger of Ixzafebb {elec, Dex+3} (You
                  | found it on level 8 of the Dungeon)
  6941 | D:9      | Noticed Grum
  6954 | D:9      | Killed Grum
  7065 | D:9      | Found a runed translucent door.
  7065 | D:9      | Noticed Uhlv's ghost (journeyman VSAK)
  7106 | D:9      | Found a basalt altar of Yredelemnul.
  7184 | D:9      | Noticed Maurice
  7195 | D:9      | Killed Maurice
  7195 | D:9      | Reached skill level 10 in Axes
  7240 | D:9      | Noticed a two-headed ogre
  7248 | D:9      | Killed a two-headed ogre
  7248 | D:9      | Reached *** piety under Okawaru
  7526 | D:9      | Reached XP level 11. HP: 56/56 MP: 12/12
  7864 | D:10     | Entered Level 10 of the Dungeon
  7950 | D:10     | Noticed a two-headed ogre
  7960 | D:10     | Killed a two-headed ogre
  8030 | D:10     | Reached **** piety under Okawaru
  8033 | D:10     | Noticed an orc knight
  8049 | D:10     | Noticed a centaur warrior
  8059 | D:10     | Killed from afar by a tengu conjurer

Skill      XL: |  1  2  3  4  5  6  7  8  9 10 |
---------------+-------------------------------+-----
Axes           | 2 3 4 5 6 8 10 | 10.8
Shields        | 3 4 5 6 7 |  7.6
Fighting       | 3 4 5 |  5.6
Armour         | 3 4 5 6 |  6.3
Dodging        | 1 2 3 |  3.1
Stealth        | 1 |  1.4
Invocations    | |  0.1
Evocations     | |  0.1

Action                   |  1- 3 |  4- 6 |  7- 9 | 10-12 || total
-------------------------+-------+-------+-------+-------++-------
Melee: War axe           |    69 |    47 |   373 |   182 ||   671
       Bite              |    15 |    15 |    84 |    67 ||   181
       Dagger            |       |       |       |     5 ||     5
       Flail             |       |       |       |     2 ||     2
Invok: Heroism           |       |       |       |     2 ||     2
Evoke: Wand              |       |       |       |     6 ||     6
  Use: Scroll            |     6 |     3 |     5 |       ||    14
       Potion            |       |     1 |     5 |       ||     6
  Eat: Chunk             |     1 |     2 |     9 |     7 ||    19
       Ration            |       |       |     2 |       ||     2
Armor: Scale mail        |    34 |    17 |   124 |    43 ||   218
Dodge: Dodged            |    17 |     7 |    81 |    51 ||   156
Block: Shield            |    31 |    28 |   239 |   135 ||   433
